 Dungeon Crawl Stone Soup version 0.27.1-33-g824d729ab1 (webtiles) character file.

Game seed: 3786425058493497636

574 tizbic2 the Sneak (level 7, 0/55 HPs)
             Began as a Formicid Delver on Nov 19, 2021.
             Succumbed to Crazy Yiuf's poison
             ... on level 4 of the Dungeon on Nov 24, 2021.
             The game lasted 00:30:35 (6196 turns).

tizbic2 the Sneak (Formicid Delver)                 Turns: 6196, Time: 00:30:35

Health: 0/55       AC:  5    Str: 16    XL:     7   Next: 61%
Magic:  7/7        EV: 12    Int: 12    God:
Gold:   204        SH:  0    Dex: 18    Spells: 6/6 levels left

rFire    + . .     SeeInvis +   a - +1 spear
rCold    . . .     Faith    .   (no shield)
rNeg     . . .     Spirit   .   m - +2 leather armour {rPois}
rPois    +         Reflect  .   (helmet unavailable)
rElec    .         Harm     .   (no cloak)
rCorr    .         Rampage  .   (no gloves)
Will     .....                  (no boots)
Stlth    ++++......             (no amulet)
HPRegen  0.18/turn              p - ring of protection from fire
MPRegen  0.10/turn              x - +6 ring of dexterity

@: lethally poisoned (0 -> -16)
A: permanent stasis, dig shafts and tunnels, antennae 3, four strong arms
a: Dig, Shaft Self


You were on level 4 of the Dungeon.
You visited 1 branch of the dungeon, and saw 5 of its levels.

You collected 204 gold pieces.

Inventory:

Hand Weapons
 a - a +1 spear (weapon)
 w - a +3 short sword
 y - a +0 halberd
Missiles
 g - 12 poisoned darts
Armour
 m - a +2 leather armour of poison resistance (worn)
Jewellery
 p - a ring of protection from fire (left hand)
 x - a +6 ring of dexterity (right hand)
Wands
 f - a wand of digging (3)
 l - a wand of paralysis (10)
Scrolls
 c - 2 scrolls of fog
 d - a scroll of magic mapping
 e - a scroll of fear
 j - a scroll of acquirement {unknown}
 k - a scroll of teleportation {unknown}
 n - a scroll of identify {unknown}
 q - a scroll of vulnerability {unknown}
 t - a scroll of enchant armour {unknown}
Potions
 b - 2 potions of flight {unknown}
 h - a potion of lignification {unknown}
 i - a potion of mutation {unknown}
 o - a potion of degeneration {unknown}
 s - a potion of attraction {unknown}
 u - a potion of haste {unknown}
 v - a potion of heal wounds {unknown}


   Skills:
 + Level 4.4 Fighting
 * Level 4.0 Polearms
 * Level 3.4 Armour
 - Level 2.0 Dodging
 + Level 7.2 Stealth
 * Level 4.3 Shields


You had 6 spell levels left.
You didn't know any spells.
Your spell library contained the following spells:

 Spells                   Type           Power      Damage    Failure   Level
 Apportation              Tloc           0%         N/A       36%         1
 Magic Dart               Conj           0%         1d3       36%         1
 Searing Ray              Conj           0%         3d3       52%         2
 Fulminant Prism          Conj/Hex       0%         3d6       98%         4
 Alistair's Intoxication  Tmut/Pois      0%         N/A       100%        5
 Invisibility             Hex            0%         N/A       100%        6


Dungeon Overview and Level Annotations

Branches:
Dungeon (5/15)
 Temple: D:4-7

Altars:
Ashenzari

Annotations:
D:3 1 transporter, dummyshad0w's ghost, weakling DsNe
D:4 2 transporters, Asuta's ghost, amateur HOFi; Crazy Yiuf
D:5 Sigmund


Innate Abilities, Weirdness & Mutations

You cannot be hasted, slowed, berserked, paralysed or teleported.
You can dig through walls and to a lower floor.
You have a pair of large antennae on your head. (SInv)
Your four strong arms can wield two-handed weapons with a shield.


Message History

Crazy Yiuf is moderately wounded.
Crazy Yiuf hits you with a +3 quarterstaff of chaos.
Crazy Yiuf freezes you.
You hit Crazy Yiuf but do no damage.
Crazy Yiuf is moderately wounded.
Crazy Yiuf yells, "Paint Orb Guardian turtle!"
Crazy Yiuf barely misses you.
You hit Crazy Yiuf.
Crazy Yiuf is heavily wounded.
Crazy Yiuf closely misses you.
You hit Crazy Yiuf.
Crazy Yiuf is heavily wounded.
Crazy Yiuf hits you with a +3 quarterstaff of chaos!
You easily resist.
You hit Crazy Yiuf but do no damage.
Crazy Yiuf is heavily wounded.
Crazy Yiuf barely misses you.
You barely miss Crazy Yiuf.
Crazy Yiuf is heavily wounded.
You hit Crazy Yiuf.
Crazy Yiuf is severely wounded.
Crazy Yiuf hits you with a +3 quarterstaff of chaos!
You hit Crazy Yiuf but do no damage.
Crazy Yiuf is severely wounded.
Crazy Yiuf closely misses you.
You hit Crazy Yiuf but do no damage.
Crazy Yiuf is severely wounded.
Crazy Yiuf hits you with a +3 quarterstaff of chaos!
Crazy Yiuf freezes you.
* * * LOW HITPOINT WARNING * * *
You barely miss Crazy Yiuf.
Crazy Yiuf is severely wounded.
Crazy Yiuf barely misses you.
You hit Crazy Yiuf.
Crazy Yiuf is almost dead.
Crazy Yiuf hits you with a +3 quarterstaff of chaos!
* * * LOW HITPOINT WARNING * * *
You are lethally poisoned!
Are you sure you want to shaft yourself?
You die...

...#. ♣....♣
#.....##JW.. ..
♣♣...♣ #......#####
♣♣.♣♣ #...........
♣♣.♣ #.......###.
♣.♣♣ #.........##
♣♣.♣ #..........#
♣.♣♣ #.........##
##'## #....##....#
#.@.# ###........#
#.g.# ##.....###
#)..# ##.##.##
##### ##..####
##....#
############g....#
#.......#.g.....##
. #.........g#(..##
...#........###..##


You could see Crazy Yiuf.

Vanquished Creatures
  Eustachio (D:3)
  A phantom (D:4)
  A bullfrog zombie (D:3)
  2 orc priests (D:3)
  2 orc wizards (D:3)
  2 hound skeletons (D:4)
  3 gnolls
  10 adders
  2 worms (D:3)
  6 orcs
  5 endoplasms
  2 giant cockroaches
  6 hobgoblins
  7 jackals (D:1)
  5 quokkas
  5 ball pythons
  4 bats
  3 goblins
  2 kobolds (D:1)
  7 rats
76 creatures vanquished.

Notes
Turn   | Place    | Note
-------+----------+-------------------------------------------
     0 | D:5      | tizbic2 the Formicid Delver began the quest for the Orb.
     0 | D:5      | Reached XP level 1. HP: 18/18 MP: 1/1
    74 | D:5      | Noticed Sigmund
    79 | D:4      | Noticed an iguana
    93 | D:4      | Noticed a phantom
   121 | D:3      | Reached XP level 2. HP: 8/24 MP: 2/2
   470 | D:3      | Reached XP level 3. HP: 19/29 MP: 3/3
   934 | D:1      | Reached skill level 1 in Shields
  1167 | D:1      | Reached XP level 4. HP: 33/37 MP: 4/4
  1277 | D:1      | Found a faded altar of an unknown god.
  1514 | D:1      | You fall into a shaft and drop 1 floor!
  1543 | D:2      | You fall into a shaft and drop 1 floor!
  2197 | D:2      | Reached skill level 1 in Armour
  2330 | D:2      | You fall into a shaft and drop 1 floor!
  2704 | D:2      | Reached XP level 5. HP: 37/42 MP: 5/5
  2854 | D:2      | You fall into a shaft and drop 2 floors!
  3134 | D:4      | Found a transporter.
  3145 | D:4      | Noticed Asuta's ghost (amateur HOFi)
  3148 | D:4      | Found a transporter.
  3718 | D:3      | Found a transporter.
  3762 | D:3      | Noticed dummyshad0w's ghost (weakling DsNe)
  3768 | D:3      | Found a transporter.
  3793 | D:3      | You fall into a shaft and drop 1 floor!
  3955 | D:3      | Found a broken altar of Ashenzari.
  4009 | D:3      | Reached XP level 6. HP: 24/48 MP: 6/6
  4399 | D:3      | Upgraded the game from 0.27.1-15-g792fb953b9 to
                  | 0.27.1-33-g824d729ab1
  4672 | D:4      | HP: 2/48 [gnoll (3)]
  4673 | D:4      | You fall into a shaft and drop 1 floor!
  4987 | D:4      | Reached skill level 7 in Stealth
  5189 | D:4      | Noticed Eustachio
  5224 | D:3      | Reached XP level 7. HP: 32/54 MP: 7/7
  5405 | D:3      | Killed Eustachio
  6175 | D:4      | Found a runed translucent door.
  6176 | D:4      | Noticed Crazy Yiuf
  6196 | D:4      | Succumbed to Crazy Yiuf's poison

Illustrated notes

Levels and vault maps discovered:
D:1:      dpeg_arrival_water_fire, layout_loops_ring,
          hellmonk_ecumenical_altar_run_dry, glass_columns_c,
          minmay_misc_feat_four_crosses, minmay_split_cup_small
D:2:      layout_rooms
D:3:      layout_rooms, lemuel_doored_altar, gammafunk_ghost_stat_death,
          feat_on_display
D:4:      layout_cave_pools, gammafunk_ghost_arena, uniq_crazy_yiuf_cottage,
          uniq_eustachio, uniq_robin
D:5:      layout_rooms, minmay_temple_entry_mist, dk_noncrumbling_4,
          minmay_bent, uniq_ijyb, uniq_pikel, uniq_sigmund

Skill      XL: |  1  2  3  4  5  6  7 |
---------------+----------------------+-----
Dodging        | 2 |  2.0
Shields        | 1 2 3 4 |  4.3
Armour         | 1 2 3 |  3.4
Polearms       | 3 4 |  4.0
Fighting       | 4 |  4.4
Stealth        | 7 |  7.2

Action                   |  1- 3 |  4- 6 |  7- 9 || total
-------------------------+-------+-------+-------++-------
Melee: Spear             |   136 |   332 |    97 ||   565
 Abil: Dig               |    25 |    63 |     1 ||    89
       Shaft Self        |       |     6 |     1 ||     7
  Use: Scroll            |     1 |     1 |       ||     2
       Potion            |       |     2 |     1 ||     3
 Stab: Sleeping          |     1 |     4 |       ||     5
Armor: Leather armour    |    25 |    82 |    18 ||   125
Dodge: Dodged            |    84 |   177 |    65 ||   326
